 Dungeon Crawl Stone Soup version 0.30.1-11-g7821555f0a (webtiles) character file.

Game seed: 9187581303287911839

14924 booth the Grappler (level 11, 0/98 HPs)
             Began as a Troll Monk on Jan 2, 2024.
             Was an Elder of Ru.
             Killed from afar by an electric eel (5 damage)
             ... with a bolt of electricity
             ... on level 2 of the Lair of Beasts.
             The game lasted 01:22:44 (11002 turns).

booth the Grappler (Troll Monk)                    Turns: 11002, Time: 01:22:44

Health: 0/98       AC: 10    Str: 23    XL:     11   Next: 95%
Magic:  10/10      EV: 11    Int:  6    God:    Ru [****..]
Gold:   977        SH:  5    Dex: 12    Spells: 10/10 levels left

rFire   + .          .
                       - Unarmed
rCold   + . .        c - orb {light}
rNeg    . . .        I - +0 swamp dragon scales
rPois   +            (helmet restricted)
rElec   .            K - +0 cloak
rCorr   .            (gloves unavailable)
SInv    .            (boots unavailable)
Will    .....        j - amulet of reflection
Stlth   +            i - ring of protection from cold
HPRegen 1.16/turn    q - ring of protection from fire
MPRegen 0.12/turn

%: reflection
@: glowing, studying Unarmed Combat, unable to drink
A: large, unfitting armour, claws 3, frail 1, regeneration 1, shaggy fur 1,
tough skin 1, weak 1, inability to drink after injury 2, inability to train
armour
a: Renounce Religion, Draw Out Power, Power Leap


You were on level 2 of the Lair of Beasts.
You worshipped Ru.
Ru was greatly pleased with you.
You visited 3 branches of the dungeon, and saw 13 of its levels.
You also visited: Bailey.

You collected 1139 gold pieces.
You spent 162 gold pieces at shops.

Inventory:

Hand Weapons
 z - a +5 dire flail
 A - a +0 giant spiked club
 N - the +7 giant spiked club of Blood-Lust {antimagic, Fragile rPois Int+4 Dex-4}
   (You found it in a bailey)

   Int:       It affects your intelligence (+4).
   Dex:       It affects your dexterity (-4).
   rPois:     It protects you from poison.
   Fragile:   It will be destroyed if unequipped.
Missiles
 l - 62 poisoned darts (quivered)
 t - 3 javelins
 B - 15 boomerangs
 M - 6 atropa-tipped darts
Armour
 a - a +1 robe
 c - an orb of light (worn)
 I - +0 swamp dragon scales (worn)
 J - +0 steam dragon scales
 K - a +0 cloak (worn)
Jewellery
 d - an amulet of magic regeneration
 h - a ring of ice
 i - a ring of protection from cold (left claw)
 j - an amulet of reflection (around neck)
 q - a ring of protection from fire (right claw)
 H - an amulet of the acrobat
Wands
 u - a wand of charming (8)
 w - a wand of polymorph (10)
 x - a wand of iceblast (36)
 y - a wand of flame (17)
 G - a wand of digging (4)
Scrolls
 e - 2 scrolls of blinking
 g - 2 scrolls of amnesia
 m - a scroll of poison
 o - 4 scrolls of immolation
 r - 5 scrolls of teleportation
 E - a scroll of vulnerability
 F - a scroll of magic mapping
 P - 3 scrolls of summoning
Potions
 b - 2 potions of ambrosia
 f - 8 potions of curing
 k - a potion of heal wounds
 n - 3 potions of lignification
 p - 4 potions of brilliance
 s - 2 potions of mutation
 v - 3 potions of attraction
 C - 6 potions of flight
 D - a potion of berserk rage
Miscellaneous
 L - a piece from Xom's chessboard (15/15)


   Skills:
 + Level 7.4 Fighting
 + Level 5.6 Maces & Flails
 + Level 7.3 Throwing
 + Level 7.5 Dodging
 * Level 14.8 Unarmed Combat


You had 10 spell levels left.
You didn't know any spells.
Your spell library contained the following spells:

 Spells                   Type           Power      Damage    Failure   Level
 Beastly Appendage        Tmut           0%         N/A       63%         1
 Wereblood                Tmut           0%         N/A       77%         2
 Inner Flame              Hex/Fire       0%         N/A       94%         3
 Spider Form              Tmut/Pois      0%         N/A       94%         3
 Yara's Violent Unravell  Hex/Tmut       0%         3d3       100%        5
 Enfeeble                 Hex            0%         N/A       100%        7


Dungeon Overview and Level Annotations

Branches:
Dungeon (10/15)            Temple (1/1) D:6            Lair (2/5) D:10
    Orc (0/2) D:9          Bailey (visited)
  Swamp: Lair:2-3    Shoals: Lair:2-3     Snake: Lair:2-3    Spider: Lair:2-3

Altars:
Ashenzari
Cheibriados
Dithmenos
Elyvilon
Fedhas
Gozag
Hepliaklqana
Kikubaaqudgha
Makhleb
Nemelex Xobeh
Okawaru
Qazlal
Ru
Sif Muna
Trog
Uskayaw
Vehumet
Wu Jian
Xom
Yredelemnul
Zin
The Shining One

Shops:
D:2 :   D:8 (   D:9 [   D:10 *

Annotations:
D:3 2 transporters, dchavez06's ghost, amateur GrMo
D:7 3 runed translucent doors, VoidStrider's ghost, novice OpFE
D:9 exclusion: statue


Innate Abilities, Weirdness & Mutations

You are too large for most types of armour.
You have claws for hands.
You are frail. (-10% HP)
Your natural rate of healing is unusually fast.
You are covered in fur. (AC +1)
You have tough skin. (AC +1)
You are weak. (Str -2)
You sometimes lose the ability to drink potions when taking damage.
You cannot train Armour skill.


Message History

You redirect the blink frog's attack!
You block the blink frog's attack.
The blink frog blinks!
The blink frog begins to attack, but is stunned by your conviction!
You block the blink frog's attack. The eight-headed hydra bites you!
You feel threatened and lose the ability to drink potions!
The eight-headed hydra closely misses you.
The eight-headed hydra bites you but does no damage. x2
The eight-headed hydra bites you! The eight-headed hydra bites you.
The eight-headed hydra bites you!
You block the eight-headed hydra's attack.
You redirect the blink frog's attack!
You block the blink frog's attack.
There is an open door here.
You claw the blink frog!
The blink frog is moderately wounded.
The blink frog is stunned by your conviction and fails to attack.
The blink frog hits you. The blink frog barely misses you.
You barely miss the blink frog.
The blink frog is moderately wounded.
The blink frog hits you but does no damage.
The blink frog hits you!
The blink frog blinks!
You focus your inner power and slow the blink frog in retribution!
You can't wield that with only one hand.
You mangle the blink frog!!
You kill the blink frog!
The blink frog blinks!
The blink frog blinks!
The eight-headed hydra bites you! x2
* * * LOW HITPOINT WARNING * * *
The eight-headed hydra barely misses you.
The eight-headed hydra bites you.
* * * LOW HITPOINT WARNING * * *
The eight-headed hydra bites you but does no damage.
You block the eight-headed hydra's attack.
The eight-headed hydra bites you.
* * * LOW HITPOINT WARNING * * *
The eight-headed hydra bites you!
* * * LOW HITPOINT WARNING * * *
The electric eel shoots out a bolt of lightning at you!
The bolt of electricity hits you.
You die...

♣PP≈≈≈≈~~~P~~.....
♣~~≈≈~~~~~~P.....
♣~~≈~~~~~~P~.....
♣~~~~~~~~~~.....
♣♣♣.SS§.....P.
♣...##.....PP.
#...##.§..#
#...##'#.## ..
#...#D@#.##...
#.....§.......
###..F..........
#.#.......>.....
#...†..........
##.............
#.............
#.##...##P#...
#.####..###...


You could see an eight-headed hydra, a blink frog and an electric eel.

Vanquished Creatures
  3 two-headed ogres
  An orc knight (Bailey)
  Maurice (D:9)
  A black mamba (Lair:1)
  2 cane toads (Lair:2)
  Maggie (D:9)
  3 komodo dragons
  A troll (D:10)
  A blink frog (Lair:2)
  Sigmund (D:5)
  A vampire (D:10)
  18 yaks
  Grum (D:9)
  2 steam dragons (D:9)
  Menkaure (D:5)
  3 water moccasins
  9 orc warriors
  An ice beast (D:7)
  2 black bears
  5 ogres
  4 centaurs
  15 wolves
  2 phantoms
  5 kobold brigands
  5 bullfrogs
  A gnoll sergeant (D:6)
  2 scorpions
  7 wights
  17 killer bees
  2 howler monkeys (D:7)
  2 electric eels (D:10)
  A centaur zombie (D:9)
  7 hounds
  A gnoll bouda (D:6)
  5 orc priests
  Ijyb (D:5)
  A sleepcap (D:5)
  Natasha (thrice) (D:3)
  7 iguanas
  8 orc wizards
  A howler monkey zombie (D:9)
  4 gnolls
  5 adders
  A shadow imp (D:5)
  A white imp (D:7)
  A worm (D:2)
  3 dart slugs
  23 orcs
  5 bats
  6 endoplasms
  2 giant cockroaches (D:1)
  10 goblins
  10 hobgoblins
  A quokka (D:2)
  7 ball pythons
  5 frilled lizards
  50 kobolds
  2 rats
291 creatures vanquished.

Vanquished Creatures (others)
  A yak (D:9)
  An orc wizard (D:9)
  An orc (D:8)
  A kobold (D:8)
4 creatures vanquished.

Grand Total: 295 creatures vanquished

Notes
Turn   | Place    | Note
-------+----------+-------------------------------------------
     0 | D:1      | booth the Troll Monk began the quest for the Orb.
     0 | D:1      | Reached XP level 1. HP: 22/22 MP: 0/0
   423 | D:1      | Reached XP level 2. HP: 29/29 MP: 1/1
   701 | D:2      | Found Syvia's Book Emporium.
   794 | D:2      | Reached XP level 3. HP: 36/36 MP: 2/2
  1367 | D:3      | Found a transporter.
  1515 | D:3      | Noticed Natasha
  1519 | D:3      | Killed Natasha
  1520 | D:3      | Reached skill level 4 in Unarmed Combat
  1520 | D:3      | Reached XP level 4. HP: 44/44 MP: 3/3
  1549 | D:3      | Found a faded altar of an unknown god.
  1665 | D:3      | Found a hide-covered altar of Uskayaw.
  1966 | D:3      | Noticed Natasha
  1980 | D:3      | Killed Natasha
  1981 | D:3      | Reached skill level 1 in Throwing
  1993 | D:3      | Reached XP level 5. HP: 44/53 MP: 4/4
  2053 | D:3      | Found a transporter.
  2058 | D:3      | Noticed dchavez06's ghost (amateur GrMo)
  2143 | D:3      | Noticed Natasha
  2153 | D:3      | Killed Natasha
  2407 | D:4      | Noticed an ogre
  2427 | D:4      | Killed an ogre
  2472 | D:4      | Noticed an ogre
  2479 | D:4      | Reached skill level 5 in Unarmed Combat
  2479 | D:4      | Reached XP level 6. HP: 61/61 MP: 5/5
  3006 | D:4      | Reached XP level 7. HP: 62/67 MP: 6/6
  3045 | D:5      | Entered Level 5 of the Dungeon
  3165 | D:5      | Noticed Ijyb
  3199 | D:5      | Killed Ijyb
  3200 | D:5      | Reached skill level 6 in Unarmed Combat
  3252 | D:5      | Noticed Menkaure
  3258 | D:5      | Killed Menkaure
  3279 | D:5      | Found a snail-covered altar of Cheibriados.
  3296 | D:5      | Noticed Sigmund
  3315 | D:5      | Killed Sigmund
  3316 | D:5      | Reached XP level 8. HP: 78/78 MP: 7/7
  3869 | D:6      | Reached skill level 7 in Unarmed Combat
  3885 | D:6      | Found a staircase to the Ecumenical Temple.
  3896 | Temple   | Entered the Ecumenical Temple
  4210 | D:6      | Found an opulent altar of Gozag.
  4255 | D:6      | Found a sacrificial altar of Ru.
  4300 | D:6      | Became a worshipper of Ru the Awakened
  4303 | D:6      | Gained mutation: You are weak. (Str -2) [Ru sacrifice]
  4420 | D:6      | Reached skill level 8 in Unarmed Combat
  4741 | D:6      | Reached skill level 5 in Dodging
  4846 | D:7      | Reached skill level 5 in Fighting
  4846 | D:7      | Reached XP level 9. HP: 86/88 MP: 8/8
  5127 | D:7      | Found a runed translucent gate.
  5127 | D:7      | Found a runed translucent gate.
  5129 | D:7      | Found a runed translucent gate.
  5130 | D:7      | Noticed VoidStrider's ghost (novice OpFE)
  5131 | D:7      | Identified the +10 plate armour of Lugonu's Fury {rF- Str+6
                  | Int+2 SInv}
  5186 | D:7      | Found an iron altar of Okawaru.
  5508 | D:7      | Identified a scroll of acquirement
  5513 | D:7      | Acquired a manual of Unarmed Combat
  5642 | D:7      | Reached skill level 1 in Maces & Flails
  5706 | D:7      | Reached skill level 9 in Unarmed Combat
  5892 | D:8      | Found Decw's Weapon Shoppe.
  5957 | D:8      | Reached skill level 5 in Throwing
  6037 | D:8      | Found a bloodstained altar of Trog.
  6217 | D:8      | Noticed a komodo dragon
  6231 | D:8      | Killed a komodo dragon
  6232 | D:8      | Reached skill level 10 in Unarmed Combat
  6377 | D:8      | Gained mutation: You are frail. (-10% HP) [Ru sacrifice]
  6377 | D:8      | Reached * piety under Ru
  6377 | D:8      | Reached ** piety under Ru
  6401 | D:8      | Reached XP level 10. HP: 82/88 MP: 9/9
  6809 | D:9      | Found a white marble altar of Elyvilon.
  6811 | D:9      | Found a shadowy altar of Dithmenos.
  6827 | D:9      | Reached skill level 11 in Unarmed Combat
  6924 | D:9      | Noticed a two-headed ogre
  6934 | D:9      | Killed a two-headed ogre
  7019 | D:9      | Noticed Maggie
  7031 | D:9      | Killed Maggie
  7095 | D:9      | Noticed Maurice
  7117 | D:9      | Killed Maurice
  7118 | D:9      | Reached skill level 12 in Unarmed Combat
  7232 | D:9      | Found a glowing silver altar of Zin.
  7348 | D:9      | Found a basalt altar of Yredelemnul.
  7409 | D:9      | Found a blossoming altar of Fedhas.
  7533 | D:9      | Noticed Grum
  7541 | D:9      | Killed Grum
  7569 | D:9      | Found Guudgh's Armour Emporium.
  7569 | D:9      | Found a staircase to the Orcish Mines.
  7842 | D:9      | Found a radiant altar of Vehumet.
  8125 | D:10     | Entered Level 10 of the Dungeon
  8147 | D:9      | Reached XP level 11. HP: 60/96 MP: 10/10
  8327 | D:10     | Found a flagged portal.
  8339 | Bailey   | Entered a bailey
  8478 | Bailey   | Gained mutation: You cannot train Armour skill. [Ru
                  | sacrifice]
  8478 | Bailey   | Reached *** piety under Ru
  8520 | Bailey   | Noticed an orc knight
  8537 | Bailey   | Killed an orc knight
  8538 | Bailey   | Reached skill level 13 in Unarmed Combat
  8724 | Bailey   | Identified the +7 giant spiked club of Blood-Lust
                  | {antimagic, Fragile rPois Int+4 Dex-4}
  8902 | D:10     | Noticed a two-headed ogre
  8918 | D:10     | Killed a two-headed ogre
  9047 | D:10     | Found Diumn's Assorted Antiques.
  9051 | D:10     | Bought a scroll of identify for 54 gold pieces
  9051 | D:10     | Bought a scroll of teleportation for 81 gold pieces
  9051 | D:10     | Bought a scroll labelled NOSOV HIGEI for 27 gold pieces
  9174 | D:10     | Found a stormy altar of Qazlal.
  9376 | D:10     | Found a staircase to the Lair.
  9390 | D:10     | HP: 2/98 [komodo dragon (24)]
  9469 | D:10     | Noticed a two-headed ogre
  9476 | D:10     | Killed a two-headed ogre
  9477 | D:10     | Reached skill level 5 in Maces & Flails
  9588 | D:10     | Reached skill level 14 in Unarmed Combat
  9806 | Lair:1   | Entered Level 1 of the Lair of Beasts
 10710 | Lair:2   | Gained mutation: You occasionally lose the ability to drink
                  | potions when taking damage. [Ru sacrifice]
 10710 | Lair:2   | Gained mutation: You sometimes lose the ability to drink
                  | potions when taking damage. [Ru sacrifice]
 10710 | Lair:2   | Reached **** piety under Ru
 10990 | Lair:2   | Noticed an eight-headed hydra
 11002 | Lair:2   | Killed from afar by an electric eel

Illustrated notes

Levels and vault maps discovered:
D:1:      heliophobic_arrival_glass_houses, layout_basic
D:2:      layout_loops_ring, serial_shops, shop, minmay_misc_feat_doors
D:3:      layout_loops_corners, nicolae_uskayaw_murder_on_the_dancefloor,
          gammafunk_ghost_mausoleum, shapermc_ecumenical_altar_flowoftime,
          st_stairs_4, grunt_ministairs_2, uniq_natasha
D:4:      layout_cave_pods, minmay_vboxes
D:5:      layout_layer_cave, mainiacjoe_overflow_surrounded_room, uniq_sigmund,
          uniq_ijyb, uniq_menkaure
D:6:      hangedman_cross_stitches, layout_basic, kennysheep_little_box,
          mainiacjoe_overflow_concentric_impassable, minmay_temple_entry_waves
D:7:      layout_gridville, mainiacjoe_overflow_alcove_4,
          biasface_ghost_orc_armoury
D:8:      layout_rooms, mainiacjoe_overflow_alcove_2, serial_shops,
          nicolae_shop_bloodbath_and_beyond, minmay_misc_feat_five,
          minmay_lizard_king
D:9:      layout_stronghold, jmf_multi_god_temple, kennysheep_mini_moat,
          lemuel_zombie_altar_yredelemnul, general_overflow_altar,
          vehumet_statue, orc_david_3, uniq_maurice, uniq_maggie, uniq_grum
D:10:     layout_basic, nicolae_qazlal_eye_of_the_storm, erik_lair_island,
          enter_bailey_3, serial_shops, shop, small_statue_intersection,
          corexii_checkpoint_a
Temple:   hellmonk_temple_rainy
Lair:1:   layout_gridlike, lemuel_fruit_fields
Lair:2:   layout_regular_city, gammafunk_ghost_hydra_chop, serial_bayou_shore_b,
          serial_bayou_shore_a, wad_woods_river_01

Skill      XL: |  1  2  3  4  5  6  7  8  9 10 11 |
---------------+----------------------------------+-----
Unarmed Combat | 4 5 6 8 10 12 14 | 14.8
Dodging        | 3 4 5 6 7 |  7.5
Fighting       | 3 4 5 6 7 |  7.4
Throwing       | 1 2 3 4 5 6 7 |  7.3
Maces & Flails | 2 4 5 |  5.6

Action                     |  1- 3 |  4- 6 |  7- 9 | 10-12 || total
---------------------------+-------+-------+-------+-------++-------
  Melee: Unarmed           |    62 |    92 |   279 |   355 ||   788
  Throw: Javelin           |       |     6 |     4 |     1 ||    11
         Dart              |       |       |    18 |    10 ||    28
         Boomerang         |       |       |       |     1 ||     1
 Invoke: Sacrifice Purity  |       |       |     1 |       ||     1
         Sacrifice Health  |       |       |     1 |       ||     1
         Draw Out Power    |       |       |       |     1 ||     1
         Sacrifice Drink   |       |       |       |     1 ||     1
         Sacrifice Durabil |       |       |       |     1 ||     1
  Evoke: Wand              |       |       |     3 |     3 ||     6
    Use: Scroll            |     4 |       |    14 |     7 ||    25
         Potion            |       |       |       |     1 ||     1
   Stab: Confused          |       |       |       |     2 ||     2
         Invisible         |       |       |       |     1 ||     1
         Distracted        |       |       |       |     2 ||     2
 Armour: Robe              |    18 |    10 |    45 |     5 ||    78
         Skin              |       |       |     4 |       ||     4
         Swamp dragon scal |       |       |       |    77 ||    77
  Dodge: Dodged            |    27 |    28 |   121 |   162 ||   338
  Block: Orb               |       |     9 |    48 |    69 ||   126
         Reflection        |       |       |     4 |     3 ||     7
